 Dungeon Crawl Stone Soup version 0.31-a0-917-ga885b83477 (webtiles) character file.

Game seed: 1993464926591913374

1172 BinkBink the Chopper (level 8, -7/50 HPs)
             Began as a Gargoyle Fighter on Oct 17, 2023.
             Was an Initiate of the Shining One.
             Mangled by an ogre
             ... wielding a +0 giant club
              (15 damage)
             ... on level 6 of the Dungeon.
             The game lasted 00:05:53 (4864 turns).

BinkBink the Chopper (Gargoyle Fighter)             Turns: 4864, Time: 00:05:53

Health: -7/50      AC: 23    Str: 22    XL:     8   Next: 41%
Magic:  8/8        EV:  7    Int:  9    God:    the Shining One [......]
Gold:   443        SH:  4    Dex:  9    Spells: 7/7 levels left

rFire   . . .        a - +0 war axe
rCold   . . .        c - +0 buckler
rNeg    + . .        i - +0 plate armour
rPois   ∞            (no helmet)
rElec   +            (no cloak)
rCorr   .            (no gloves)
SInv    .            l - +0 pair of boots
Will    .....        (no amulet) Stlth
                     E - +4 ring of protection
HPRegen 0.28/turn    r - ring of flight
MPRegen 0.11/turn

%: no passive effects
@: flying, glowing
A: sickness immunity, AC +5, negative energy resistance 1, electricity
resistance, torment resistance 1, petrification resistance
a: Renounce Religion


You were on level 6 of the Dungeon.
You worshipped the Shining One.
The Shining One was noncommittal.
You visited 2 branches of the dungeon, and saw 7 of its levels.

You collected 443 gold pieces.

Inventory:

Hand Weapons
 a - a +0 war axe (weapon)
Armour
 c - a +0 buckler (worn)
 i - a +0 plate armour (worn)
 l - a +0 pair of boots (worn)
Jewellery
 e - a ring of wizardry
 r - a ring of flight (right hand)
 E - a +4 ring of protection (left hand)
Wands
 C - a wand of flame (19)
 F - a wand of iceblast (2)
Scrolls
 b - 7 scrolls of identify {unknown}
 g - 4 scrolls of teleportation {unknown}
 j - a scroll of torment {unknown}
 m - 3 scrolls of blinking {unknown}
 p - a scroll of immolation {unknown}
 q - a scroll of vulnerability {unknown}
 s - a scroll of enchant armour {unknown}
 t - 2 scrolls of amnesia {unknown}
 v - a scroll of fear {unknown}
 w - a scroll of silence {unknown}
 y - a scroll of enchant weapon {unknown}
 z - a scroll of poison {unknown}
Potions
 d - 2 potions of might
 f - 2 potions of cancellation {unknown}
 h - a potion of invisibility {unknown}
 k - a potion of berserk rage {unknown}
 n - a potion of attraction {unknown}
 o - 2 potions of lignification {unknown}
 u - a potion of enlightenment {unknown}
 x - a potion of mutation {unknown}
 A - a potion of brilliance {unknown}
 B - 2 potions of curing {unknown}
 D - a potion of haste {unknown}


   Skills:
 + Level 5.4 Fighting
 * Level 5.5 Axes
 + Level 5.4 Armour
 + Level 2.8 Dodging
 + Level 5.3 Shields


You had 7 spell levels left.
You didn't know any spells.
Your spell library contained the following spells:

 Spells                   Type           Power      Damage    Failure   Level
 Sandblast                Erth           0%         2d4       100%        1
 Slow                     Hex            0%         N/A       100%        1
 Passwall                 Tmut/Erth      0%         N/A       100%        2
 Confusing Touch          Hex            0%         N/A       100%        3
 Frozen Ramparts          Ice            0%         1d1       100%        3
 Gell's Gravitas          Tloc           0%         N/A       100%        3
 Sigil of Binding         Hex            0%         N/A       100%        3
 Stone Arrow              Conj/Erth      0%         3d7       100%        3
 Teleport Other           Tloc           0%         N/A       100%        3
 Vampiric Draining        Necr           0%         2d6       100%        3
 Brom's Barrelling Bould  Conj/Erth      0%         2d3       100%        4
 Petrify                  Tmut/Erth      0%         N/A       100%        4
 Irradiate                Conj/Tmut      0%         3d11      100%        5
 Metabolic Englaciation   Hex/Ice        0%         N/A       100%        5
 Dispersal                Tloc           0%         N/A       100%        6
 Sublimation of Blood     Necr           Unusable   N/A       N/A         2

Dungeon Overview and Level Annotations

Branches:
Dungeon (6/15)             Temple (1/1) D:5

Altars:
Ashenzari
Cheibriados
Dithmenos
Elyvilon
Fedhas
Gozag
Hepliaklqana
Kikubaaqudgha
Makhleb
Ru
Sif Muna
Trog
Uskayaw
Vehumet
Wu Jian
Xom
Yredelemnul
Zin
The Shining One

Shops:
D:4 !   D:5 =


Innate Abilities, Weirdness & Mutations

You are immune to sickness and miasma.
Your stone body is resilient. (AC +5)
You are immune to poison.
You resist negative energy. (rN+)
You are resistant to electric shocks. (rElec)
You are resistant to unholy torment.
You are immune to petrification.


Message History

Found a shimmering blue altar of Sif Muna.
You see here Sif Muna's Omnibus of Despair.
An ogre comes into view. It is wielding a +0 giant club.
The ogre shouts!
You see here a puce potion.
An ogre is nearby!
You block the ogre's attack.
You hit the ogre.
The ogre is lightly wounded.
You hit the ogre but do no damage.
The ogre is lightly wounded.
The ogre hits you with a +0 giant club.
You barely miss the ogre.
The ogre is lightly wounded.
You block the ogre's attack.
You slash the ogre!
The ogre is moderately wounded.
The ogre hits you with a +0 giant club.
You barely miss the ogre.
The ogre is moderately wounded.
The ogre closely misses you.
You hit the ogre.
The ogre is moderately wounded.
The ogre hits you with a +0 giant club!
You slash the ogre!
The ogre is severely wounded.
You closely miss the ogre.
The ogre is severely wounded.
The ogre barely misses you.
You barely miss the ogre.
The ogre is severely wounded.
The ogre hits you with a +0 giant club!!
* * * LOW HITPOINT WARNING * * *
You hit the ogre but do no damage.
The ogre is severely wounded.
You block the ogre's attack.
You hit the ogre.
The ogre is almost dead.
The ogre hits you with a +0 giant club!
You die...

#.).###...##
..[........
#._.##...##
#.........#
#####...##
##.......##
##...####
##....)...
#...###..
......)...
#...# #.#
##.#....#.
##.## #.# #
####.#. #.#
#O# #.#. #.#
#@# #.##
#.####.# #.#
#....!.# #.#
#.###### #.
#.. #.## #.#
#.# #.#


You could see an ogre.

Vanquished Creatures
  An orc warrior (D:6)
  3 black bears
  An ice beast (D:6)
  An ogre (D:5)
  2 scorpions
  4 hounds
  An orc priest (D:4)
  2 jellies
  2 iguanas
  A sleepcap (D:4)
  2 orc wizards
  9 adders
  A dart slug (D:1)
  15 orcs
  3 ball pythons
  4 endoplasms
  8 giant cockroaches
  4 goblins
  7 hobgoblins
  4 jackals (D:4)
  10 kobolds
  6 quokkas
  9 bats
  3 frilled lizards
  5 rats
108 creatures vanquished.

Notes
Turn   | Place    | Note
-------+----------+-------------------------------------------
     0 | D:1      | BinkBink the Gargoyle Fighter began the quest for the Orb.
     0 | D:1      | Reached XP level 1. HP: 14/14 MP: 1/1
   145 | D:1      | Reached XP level 2. HP: 19/19 MP: 2/2
   588 | D:1      | Reached XP level 3. HP: 23/23 MP: 3/3
   998 | D:2      | Reached XP level 4. HP: 27/29 MP: 4/4
  1597 | D:3      | Found an ancient bone altar of Kikubaaqudgha.
  1601 | D:3      | Reached skill level 1 in Dodging
  2388 | D:3      | You fall into a shaft and drop 2 floors!
  2388 | D:5      | Entered Level 5 of the Dungeon
  2728 | D:4      | Noticed a black bear
  2744 | D:4      | Killed a black bear
  2745 | D:4      | Reached XP level 5. HP: 9/33 MP: 5/5
  2854 | D:4      | Reached XP level 6. HP: 38/38 MP: 6/6
  2947 | D:4      | Found a hide-covered altar of Uskayaw.
  3072 | D:4      | Found Rifitat's Distillery.
  3164 | D:4      | Found a broken altar of Ashenzari.
  3164 | D:4      | Found a sacrificial altar of Ru.
  3422 | D:5      | Noticed a black bear
  3431 | D:5      | Killed a black bear
  3432 | D:5      | Reached XP level 7. HP: 25/44 MP: 7/7
  3634 | D:5      | Found a staircase to the Ecumenical Temple.
  3696 | Temple   | Entered the Ecumenical Temple
  3715 | Temple   | Became a worshipper of the Shining One
  4148 | D:5      | Found Apuugael's Jewellery Boutique.
  4194 | D:6      | Identified the "Joqaasch"
  4248 | D:6      | Reached skill level 5 in Fighting
  4248 | D:6      | Reached skill level 5 in Armour
  4467 | D:6      | Reached skill level 5 in Axes
  4490 | D:6      | Reached skill level 5 in Shields
  4490 | D:6      | Reached XP level 8. HP: 45/49 MP: 8/8
  4706 | D:6      | Found a bloodstained altar of Trog.
  4832 | D:6      | Found a shimmering blue altar of Sif Muna.
  4864 | D:6      | Mangled by an ogre

Illustrated notes

Levels and vault maps discovered:
D:1:      zaba_arrival_water, layout_loops_cross
D:2:      layout_loops_ring, roderic_roman_lattice, kennysheep_minor_cross
D:3:      layout_loops_ring, nicolae_kikubaaqudgha_miasma_corner,
          serial_co_window_serial, co_window_corner_a,
          co_window_of_opportunity_a, co_window_corner_a, co_window_corner_a,
          co_window_corner_a, co_window_paths_a, co_window_paths_a,
          co_window_of_opportunity_b, co_window_unsneaky_path_b,
          co_window_2corner, co_window_cross_4, co_window_corner_cb,
          co_window_corner_cb, nicolae_underground_beach
D:4:      layout_rooms, mainiacjoe_overflow_paths,
          gammafunk_temple_overflow_wave, serial_shops,
          nicolae_shop_hallway_plus
D:5:      layout_rooms, minmay_temple_entry_sparse_star, serial_shops,
          nicolae_shop_back_alley_shop, st_stairs_14, guppyfry_early_lair_pool
D:6:      layout_loops_ring, nzn_overflow_gifts_of_might_and_magic
Temple:   nicolae_temple_ecumenical_triangle

Skill      XL: |  1  2  3  4  5  6  7 |
---------------+----------------------+-----
Axes           | 2 3 4 5 |  5.5
Dodging        | 1 2 |  2.8
Fighting       | 4 5 |  5.4
Armour         | 4 5 |  5.4
Shields        | 4 5 |  5.3

Action                     |  1- 3 |  4- 6 |  7- 9 || total
---------------------------+-------+-------+-------++-------
  Melee: War axe           |   102 |   195 |   140 ||   437
 Armour: Scale mail        |    30 |       |       ||    30
         Plate armour      |    61 |   218 |   162 ||   441
  Dodge: Dodged            |    43 |    80 |    67 ||   190
  Block: Buckler           |    20 |    39 |    37 ||    96

Table legend: (Time is in decaauts)
 A = Elapsed time spent in this place.
 B = Non-inter-level travel time spent in this place.
 C = Inter-level travel time spent in this place.
 D = Time resting spent in this place.
 E = Time spent auto-exploring this place.
 F = Levels seen in this place.
 G = Mean time per level.
                   A        B        C        D        E       F      G
               +--------+--------+--------+--------+--------+-----+--------+
         Total |   5026 |   4826 |    200 |    244 |   3539 |   7 |  718.0 |
       Dungeon |   4989 |   4806 |    183 |    244 |   3539 |   6 |  831.5 |
        Temple |     36 |     19 |     17 |      0 |      0 |   1 |   36.0 |
               +--------+--------+--------+--------+--------+-----+--------+

Top non-repeatable levels by time:
     D:3: 1114 daAuts
     D:2: 965 daAuts
     D:4: 826 daAuts
     D:1: 704 daAuts
     D:6: 694 daAuts
     D:5: 683 daAuts
  Temple: 36 daAuts
